 Dungeon Crawl Stone Soup version 0.28-a0-1142-gc8569940dd (webtiles) character file.

Game seed: 2502686491641720754

1836 Conn the Sneak (level 9, 0/54 HPs)
             Began as an Octopode Fire Elementalist on Dec 13, 2021.
             Slain by a tengu (3 damage)
             ... on level 5 of the Dungeon.
             The game lasted 00:14:51 (7953 turns).

Conn the Sneak (Octopode Fire Elementalist)         Turns: 7953, Time: 00:14:53

Health: 0/54       AC:  3    Str:  7    XL:     9   Next: 11%
Magic:  27/27      EV: 13    Int: 22    God:
Gold:   72         SH:  0    Dex: 12    Spells: 9/20 levels left

rFire   . . .      SeeInvis .   n - +3 dagger (speed)
rCold   . . .      Faith    .   (no shield)
rNeg    . . .      Spirit   .   (helmet restricted)
rPois   .          Reflect  .   (no amulet)
rElec   .          Harm     .   p - ring of magical power
rCorr   .          Rampage  .   (no ring)
Will    .....                   (no ring)
Stlth   ++++......              (no ring)
HPRegen 0.18/turn               (no ring)
MPRegen 0.20/turn               (no ring)
                                (no ring)
                                (no ring)

@: no status effects
A: almost no armour, amphibious, 8 rings, camouflage 1, gelatinous body 1,
(nimble swimmer 1), tentacles, iridescent scales 1
a: no special abilities


You were on level 5 of the Dungeon.
You visited 1 branch of the dungeon, and saw 5 of its levels.

You collected 197 gold pieces.
You spent 125 gold pieces at shops.

Inventory:

Hand Weapons
 k - a +3 dagger
 l - a +0 dagger of venom
 n - a +3 dagger of speed (weapon)
Missiles
 f - 16 poisoned darts (quivered)
Jewellery
 p - a ring of magical power (left tentacle)
Wands
 b - a wand of polymorph (9)
Scrolls
 a - a scroll of enchant armour
Potions
 e - a potion of cancellation
 j - a potion of attraction


   Skills:
 + Level 1.9 Fighting
 + Level 0.5 Short Blades
 + Level 3.2 Dodging
 + Level 6.4 Stealth
 + Level 0.7 Unarmed Combat
 + Level 6.0 Spellcasting
 + Level 5.5 Conjurations
 + Level 0.2 Hexes
 + Level 6.2 Fire Magic


You had 9 spell levels left.
You knew the following spells:

 Your Spells              Type           Power      Damage    Failure   Level
a - Foxfire               Conj/Fire      100%       2x1d9     1%          1
b - Conjure Flame         Conj/Fire      32%        6-21      2%          3
c - Inner Flame           Hex/Fire       20%        N/A       8%          3
d - Flame Wave            Conj/Fire      32%        2d7       9%          4

Your spell library contained the following spells:

 Spells                   Type           Power      Damage    Failure   Level
 Scorch                   Fire           68%        2d8       1%          2
 Sting                    Tmut/Pois      24%        1d4       9%          1
 Poisonous Vapours        Pois/Air       12%        N/A       14%         2
 Olgreb's Toxic Radiance  Pois           6%         N/A       65%         4


Dungeon Overview and Level Annotations

Branches:
Dungeon (5/15)             Temple (0/1) D:4

Altars:
Fedhas
Kikubaaqudgha
Xom

Shops:
D:1 ?   D:5 *

Annotations:
D:4 2 transporters, fly's ghost, novice FoDe


Innate Abilities, Weirdness & Mutations

You cannot wear most types of armour.
You are amphibious.
You can wear up to eight rings at the same time.
Your skin changes colour to match your surroundings (Stealth+).
Your rubbery body absorbs attacks. (AC +1, EV +1)
((You are camouflaged near water. (Stealth+)))
You have tentacles for arms and can constrict up to eight enemies at once.
You are partially covered in iridescent scales. (AC +2)


Message History

The tengu claws you but does no damage.
You fade into invisibility!
You feel sick. The tengu hits you but does no damage.
The tengu pecks you but does no damage. The tengu claws you.
Unknown command.
Your magical effects are unravelling.
You feel magically purged.
You feel less wooden.
You flicker back into view.
You feel sick. The tengu barely misses you. The tengu closely misses you. x2
Unknown command.
You feel sick.
Press: ? - help, v - describe, . - travel
Here: a tengu The floor, spattered with blood.
Okay, then.
As you read the scroll labelled TEIXZI EKHO, it crumbles to dust.
It is a scroll of enchant weapon.
Your +2 dagger of speed glows red for a moment.
You feel sick.
You are no longer poisoned.
The tengu hits you!
* * * LOW HITPOINT WARNING * * *
The tengu closely misses you. The tengu claws you.
* * * LOW HITPOINT WARNING * * *
Okay, then.
Aiming: Polymorph
Press: ? - help, Shift-Dir - straight line, f/p - tengu
Aim: a tengu (will become a fire bat, an acid dragon, or a swamp drake, chance to affect: 46%)
Okay, then.
Unknown command.
Unknown command.
Okay, then.
Okay, then.
Aiming: Polymorph
Press: ? - help, Shift-Dir - straight line, f/p - tengu
Aim: a tengu (will become a fire bat, an acid dragon, or a swamp drake, chance to affect: 46%)
The tengu resists with some effort.
The tengu hits you.
* * * LOW HITPOINT WARNING * * *
The tengu pecks you.
You die...

### #(.
##############.#
............##.#
.............#.#
.............#.###
.............#.Q.#.#
.............###@#.#
#########..#.# #.#.#
.....># #..#.# #.#.#
#########..#.###.#.#
.#...............#.#
.#.###..####.#####.#
.#...........#..<..#
######.#.#####.#...#
# #.............#


You could see a tengu.

Vanquished Creatures
  Pikel (D:3)
  Eustachio (D:5)
  Duvessa (D:5)
  A necrophage (D:5)
  A black bear (D:5)
  2 ogres (D:5)
  2 lemures
  Dowan (D:5)
  3 jellies
  A hound (D:5)
  3 orc priests
  Natasha (thrice) (D:3)
  2 iguanas
  7 orc wizards
  A scorpion zombie (D:5)
  A hound skeleton (D:3)
  6 gnolls
  5 adders
  An adder skeleton (D:4)
  2 dart slugs (D:1)
  20 orcs
  6 bats
  8 endoplasms
  9 giant cockroaches
  3 goblins
  6 hobgoblins
  3 jackals (D:1)
  5 kobolds
  6 quokkas
  12 ball pythons
  6 frilled lizards
  2 quokka skeletons (D:4)
  9 rats
140 creatures vanquished.

Vanquished Creatures (collateral kills)
  12 foxfires
12 creatures vanquished.

Vanquished Creatures (others)
  507 foxfires
  9 plants (D:3)
516 creatures vanquished.

Grand Total: 668 creatures vanquished

Notes
Turn   | Place    | Note
-------+----------+-------------------------------------------
     0 | D:1      | Conn the Octopode Fire Elementalist began the quest for the
                  | Orb.
     0 | D:1      | Reached XP level 1. HP: 11/11 MP: 3/3
    74 | D:1      | Found Huemm's Magic Scroll Shoppe.
   260 | D:1      | Reached XP level 2. HP: 17/17 MP: 1/5
   907 | D:1      | Reached XP level 3. HP: 21/21 MP: 3/6
  2104 | D:2      | Reached XP level 4. HP: 27/27 MP: 4/7
  3020 | D:2      | Found a faded altar of an unknown god.
  3394 | D:3      | Reached XP level 5. HP: 31/31 MP: 6/8
  3619 | D:3      | Found an ancient bone altar of Kikubaaqudgha.
  3678 | D:3      | Noticed Natasha
  3682 | D:3      | Killed Natasha
  3804 | D:3      | Reached XP level 6. HP: 16/36 MP: 3/10
  4104 | D:3      | Noticed Natasha
  4109 | D:3      | Killed Natasha
  4175 | D:3      | Noticed Natasha
  4193 | D:3      | Killed Natasha
  4279 | D:4      | Found a staircase to the Ecumenical Temple.
  4404 | D:4      | Noticed Pikel
  4484 | D:3      | Learned a level 3 spell: Conjure Flame
  4488 | D:3      | Learned a level 3 spell: Inner Flame
  4493 | D:3      | Learned a level 4 spell: Flame Wave
  4561 | D:3      | Killed Pikel
  4562 | D:3      | Reached skill level 5 in Fire Magic
  4562 | D:3      | Reached XP level 7. HP: 16/42 MP: 2/13
  5186 | D:4      | Reached skill level 1 in Fighting
  5192 | D:4      | Reached XP level 8. HP: 40/48 MP: 3/15
  5558 | D:4      | Reached skill level 5 in Stealth
  6172 | D:4      | Found a transporter.
  6173 | D:4      | Noticed fly's ghost (novice FoDe)
  6178 | D:4      | Found a transporter.
  6181 | D:4      | Identified the +9 dire flail of Severance {elec, rF+ Dex+3}
  6346 | D:5      | Entered Level 5 of the Dungeon
  6514 | D:5      | Noticed a hornet
  6565 | D:5      | Reached skill level 5 in Spellcasting
  6685 | D:5      | Found a blossoming altar of Fedhas.
  6742 | D:5      | Found a shimmering altar of Xom.
  7002 | D:5      | Found Paorpho's Assorted Antiques.
  7233 | D:5      | Noticed Eustachio
  7240 | D:5      | Killed Eustachio
  7241 | D:5      | Reached skill level 5 in Conjurations
  7346 | D:5      | Reached XP level 9. HP: 54/54 MP: 14/17
  7492 | D:5      | Noticed Duvessa
  7497 | D:5      | Noticed Dowan
  7500 | D:5      | Killed Duvessa
  7503 | D:5      | Killed Dowan
  7752 | D:5      | Bought a notched emerald ring for 125 gold pieces
  7947 | D:5      | Gained mutation: You are partially covered in iridescent
                  | scales. (AC +2) [potion of mutation]
  7947 | D:5      | Gained mutation: You are weak. (Str -2) [potion of
                  | mutation]
  7947 | D:5      | Lost mutation: You are weak. (Str -2) [potion of mutation]
  7948 | D:5      | a hornet changed into a tengu
  7953 | D:5      | Slain by a tengu

Illustrated notes

Levels and vault maps discovered:
D:1:      saegor_arrival_simple_e, layout_loops_corners, serial_shops,
          nicolae_lakefront_shop
D:2:      layout_loops_cross, nicolae_ecumenical_snake_handling
D:3:      layout_rooms, kiku_gazebo_garden_becter, serial_bayou_lagoon_b,
          uniq_natasha
D:4:      minmay_chambers_of_twos, layout_basic, minmay_temple_entry_tees,
          gammafunk_ghost_smash, uniq_pikel
D:5:      layout_basic, mainiacjoe_overflow_chevrons, fedhas_altar_2,
          portal_sewer_entry_f, serial_shops, nicolae_inconvenience_store,
          uniq_duvessa, uniq_eustachio

Skill      XL: |  1  2  3  4  5  6  7  8  9 |
---------------+----------------------------+-----
Stealth        | 3 4 6 |  6.4
Spellcasting   | 3 4 5 6 |  6.0
Fire Magic     | 4 5 6 |  6.2
Conjurations   | 2 3 5 |  5.5
Fighting       | 1 |  1.9
Dodging        | 3 |  3.2
Short Blades   | |  0.5
Unarmed Combat | |  0.7
Hexes          | |  0.2

Action                   |  1- 3 |  4- 6 |  7- 9 || total
-------------------------+-------+-------+-------++-------
Melee: Unarmed           |    29 |     7 |       ||    36
       Tentacles         |     7 |     4 |     5 ||    16
       Constrict         |     8 |     6 |     2 ||    16
       Dagger            |       |    11 |    16 ||    27
Throw: Dart              |       |       |     2 ||     2
 Cast: Foxfire           |    61 |   107 |   135 ||   303
       Conjure Flame     |       |       |     4 ||     4
       Inner Flame       |       |       |     2 ||     2
Evoke: Wand              |       |       |     2 ||     2
  Use: Scroll            |       |     5 |     9 ||    14
       Potion            |       |     1 |     6 ||     7
 Stab: Sleeping          |       |     3 |     3 ||     6
Armor: Skin              |     3 |       |    19 ||    22
Dodge: Dodged            |    32 |    38 |    44 ||   114

Table legend: (Time is in decaauts)
 A = Elapsed time spent in this place.
 B = Non-inter-level travel time spent in this place.
 C = Inter-level travel time spent in this place.
 D = Time resting spent in this place.
 E = Time spent auto-exploring this place.
 F = Levels seen in this place.
 G = Mean time per level.
                   A        B        C        D        E       F      G
               +--------+--------+--------+--------+--------+-----+--------+
         Total |   7956 |   7796 |    160 |    342 |   5883 |   5 | 1591.2 |
       Dungeon |   7956 |   7796 |    160 |    342 |   5883 |   5 | 1591.2 |
               +--------+--------+--------+--------+--------+-----+--------+

Top non-repeatable levels by time:
     D:1: 1907 daAuts
     D:5: 1606 daAuts
     D:3: 1596 daAuts
     D:4: 1435 daAuts
     D:2: 1410 daAuts
